 Dungeon Crawl Stone Soup version 0.30.0-5-g1a98f26d00 (webtiles) character file.

Game seed: 14111355616791456002

44 croobank the Firebug (level 3, -11/25 HPs)
             Began as a Demonspawn Fire Elementalist on May 8, 2023.
             Killed by an exploding Robin (30 damage)
             ... ignited by their inner flame
             ... on level 2 of the Dungeon.
             The game lasted 00:05:48 (1813 turns).

croobank the Firebug (Demonspawn Fire Elementalist) Turns: 1813, Time: 00:05:48

Health: -11/25     AC:  4    Str:  8    XL:     3   Next: 39%
Magic:  3/6        EV: 17    Int: 18    God:
Gold:   53         SH:  0    Dex: 13    Spells: 0/6 levels left

rFire   . . .        p - +0 rapier
rCold   . . .        (no shield)
rNeg    . . .        l - +0 robe
rPois   .            h - +0 helmet
rElec   .            (no cloak)
rCorr   .            (no gloves)
SInv    .            d - +0 pair of boots
Will    .....        (no amulet)
Stlth   ++           f - +5 ring of evasion
HPRegen 0.24/turn    (no ring)
MPRegen 0.10/turn

%: no passive effects
@: no status effects
A: condensation shield
a: no special abilities


You were on level 2 of the Dungeon.
You visited 1 branch of the dungeon, and saw 3 of its levels.

You collected 79 gold pieces.
You spent 26 gold pieces at shops.

Inventory:

Hand Weapons
 a - a +0 dagger
 b - a +0 sling
 i - a +0 spear
 j - a +0 long sword
 p - a +0 rapier (weapon)
 r - a +1 heavy hand axe
Armour
 d - a +0 pair of boots (worn)
 h - a +0 helmet (worn)
 l - a +0 robe (worn)
Magical Staves
 k - a staff of cold
Jewellery
 f - a +5 ring of evasion (left hand)
Scrolls
 c - a scroll of magic mapping
Potions
 e - 2 potions of heal wounds
 m - 2 potions of attraction
 n - a potion of magic
 q - a potion of might


   Skills:
 + Level 0.4 Fighting
 + Level 2.1 Dodging
 + Level 2.2 Stealth
 + Level 2.3 Spellcasting
 + Level 1.6 Conjurations
 + Level 3.0 Fire Magic


You couldn't memorise any spells.
You knew the following spells:

 Your Spells              Type           Power      Damage    Failure   Level
a - Foxfire               Conj/Fire      40%        2x1d6     7%          1
b - Scorch                Fire           26%        2d6       8%          2
c - Inner Flame           Hex/Fire       7%         N/A       28%         3

Your spell library contained the following spells:

 Spells                   Type           Power      Damage    Failure   Level
 Magic Dart               Conj           32%        1d4       9%          1
 Call Imp                 Summ           4%         N/A       26%         2
 Volatile Blastmotes      Fire/Tloc      14%        2d11      28%         3
 Mephitic Cloud           Conj/Pois/Air  4%         N/A       38%         3
 Flame Wave               Conj/Fire      10%        2d6       54%         4


Dungeon Overview and Level Annotations

Branches:
Dungeon (3/15)

Altars:

Shops:
D:1 ?


Innate Abilities, Weirdness & Mutations

A meltable shield of frost defends you. (SH +0)


Message History

Things that are here:
a +0 sling; a +0 club; a potion of heal wounds You barely miss the goblin.
The goblin is severely wounded.
You block the goblin's attack.
You barely miss the goblin.
The goblin is severely wounded.
You block the goblin's attack. The goblin attacks as you move away!
The goblin hits you with a +0 club.
Things that are here:
a +0 club; a goblin corpse The goblin attacks as you move away!
The goblin hits you with a +0 club. The goblin attacks as you move away!
The goblin hits you with a +0 club. The goblin attacks as you move away!
You block the goblin's attack. The goblin attacks as you move away!
The goblin completely misses you. The goblin attacks as you move away!
You block the goblin's attack.
Robin roars a battlecry!
The goblins go into a battle-frenzy!
The goblin closely misses you.
The hobgoblin shouts!
You hear a shout! x2
As you read the scroll of identify, it crumbles to dust.
c - a scroll of magic mapping The goblin barely misses you.
As you read the scroll labelled OCUPISUR HEYTA, it crumbles to dust.
The creatures around you are filled with an inner flame!
It was a scroll of immolation.
Robin roars a battlecry!
The hobgoblins go into a battle-frenzy!
The goblin barely misses you.
You hear a shout!
Okay, then.
You hit Robin.
Flame seeps out of Robin.
Robin is lightly wounded.
Robin is engulfed in blazing flames.
Robin explodes!
The fiery explosion engulfs the goblin!!
The fiery explosion engulfs you!!
Your condensation shield dissipates!
Ouch! That really hurt!
You die...

###.# ##.#. #.#
#...# ..... #.#
#.#.# .....###.#
#.#.# .....g.).#
#.#.#####..... #>.#
#.#.g......... #..#
#.##§gg.....####..##
..
#○#......)..g...##
.#
#@#.###.#####.....
#.#.# #.# ###.##
#.#.# #.# ##.##
#.#.###.######.#.#
#.#...........###. #
#.#..##.####.## ##
#.###.#..##.#
###.###.
#.#......##.#
#....#.#
#.....##.##.#
#.###.##


You could see a hobgoblin (inner flame, strong) and a goblin (inner flame,
strong).

Vanquished Creatures
  Robin (D:2)
  An adder (D:2)
  3 ball pythons
  2 bats
  An endoplasm (D:2)
  3 giant cockroaches
  11 goblins
  2 hobgoblins
  A kobold (D:2)
  A quokka (D:1)
  4 frilled lizards
  3 rats
33 creatures vanquished.

Vanquished Creatures (others)
  62 foxfires
62 creatures vanquished.

Grand Total: 95 creatures vanquished

Notes
Turn   | Place    | Note
-------+----------+-------------------------------------------
     0 | D:1      | croobank the Demonspawn Fire Elementalist began the quest
                  | for the Orb.
     0 | D:1      | Reached XP level 1. HP: 13/13 MP: 3/3
   452 | D:1      | Gained mutation: A meltable shield of frost defends you.
                  | (SH +0) [demonic ancestry]
   452 | D:1      | Reached XP level 2. HP: 19/19 MP: 0/5
   506 | D:1      | Learned a level 2 spell: Scorch
   616 | D:1      | Found Ifioc's Magic Scroll Boutique.
   624 | D:1      | Bought a scroll of identify for 26 gold pieces
  1434 | D:2      | Reached XP level 3. HP: 24/24 MP: 6/6
  1438 | D:2      | Learned a level 3 spell: Inner Flame
  1448 | D:2      | Noticed Robin
  1457 | D:3      | Reached skill level 3 in Fire Magic
  1813 | D:2      | Killed Robin
  1813 | D:2      | Killed by an exploding Robin... ignited by their inner
                  | flame

Illustrated notes

Levels and vault maps discovered:
D:1:      ncdulo_wetmaze, layout_basic, serial_shops, shop_statue,
          serial_bayou_pond_d
D:2:      layout_loops_ring, ebering_ecumenical_altar_sacrificial, uniq_robin
D:3:      layout_loops_ring, uniq_ijyb

Skill      XL: |  1  2  3 |
---------------+----------+-----
Stealth        | 2 |  2.2
Dodging        | 2 |  2.1
Fire Magic     | 3 |  3.0
Fighting       | |  0.4
Spellcasting   | |  2.3
Conjurations   | |  1.6

Action                     || total
---------------------------++-------
  Melee: Unarmed           ||     4
         Spear             ||     1
         Dagger            ||     3
         Rapier            ||     3
   Fire: Sling             ||    12
   Cast: Foxfire           ||    38
         Scorch            ||     6
    Use: Scroll            ||     5
   Stab: Sleeping          ||     2
  Dodge: Dodged            ||    16
  Block: Other             ||     8
